 Dungeon Crawl Stone Soup version 0.29-a0-757-g358383bc75 (webtiles) character file.

Game seed: 17684209287896717553

46521 scionoferis the Thaumaturge (level 14, -10/118 HPs)
             Began as a Green Draconian Conjurer on June 30, 2022.
             Was a High Priest of Vehumet.
             Mangled by a spriggan rider
             ... wielding a +0 spear
              (20 damage)
             ... on level 6 of the Lair of Beasts on July 1, 2022.
             The game lasted 02:32:15 (26846 turns).

scionoferis the Thaumaturge (DrCj)                 Turns: 26846, Time: 02:32:15

Health: -10/118    AC: 13    Str: 15    XL:     14   Next: 5%
Magic:  28/28      EV: 13    Int: 25    God:    Vehumet [*****.]
Gold:   800        SH:  4    Dex:  8    Spells: 2/33 levels left

rFire   + . .      SeeInvis .   z - +8 dagger "Omeufrin" {drain, Str+4 Int+3}
rCold   . . .      Faith    .   n - +0 buckler
rNeg    . . .      Spirit   .   (body armour unavailable)
rPois   +          Reflect  .   (helmet restricted)
rElec   .          Harm     .   L - +2 cloak
rCorr   .          Rampage  .   s - +1 pair of gloves
Will    +....                   (no boots)
Stlth   ++........              (no amulet)
HPRegen 0.29/turn               C - ring of wizardry
MPRegen 0.21/turn               c - ring of protection from fire

@: hasted, very quick
A: breathe noxious fumes, AC +8, unfitting armour, stinger 1, poison resistance,
cold-blooded, horns 1, clumsy 1, wild magic 2, MP-powered wands
a: Breathe Noxious Fumes, Renounce Religion


You were on level 6 of the Lair of Beasts.
You worshipped Vehumet.
Vehumet was extremely pleased with you.
You visited 3 branches of the dungeon, and saw 16 of its levels.
You also visited: Bailey.

You collected 996 gold pieces.
You spent 196 gold pieces at shops.

Inventory:

Hand Weapons
 z - the +8 dagger "Omeufrin" (weapon) {drain, Str+4 Int+3}
   (You bought it in a shop on level 5 of the Dungeon)

   A truly terrible weapon, it drains the life of any living foe it strikes.
   Str:       It affects your strength (+4).
   Int:       It affects your intelligence (+3).
 E - a +0 shortbow
Missiles
 e - a throwing net
 l - 14 poisoned darts (quivered)
 r - 8 javelins
Armour
 n - a +0 buckler (worn)
 s - a +1 pair of gloves (worn)
 B - the +1 Delatra's gloves {ID++}
   (You found it on level 5 of the Dungeon)

   It heals its wearer when they drink unknown potions.
   It restores its wearer's MP when they read unknown scrolls.
 F - an orb of mayhem
 L - a +2 cloak (worn)
Magical Staves
 G - a staff of death
Jewellery
 c - a ring of protection from fire (right hand)
 C - a ring of wizardry (left hand)
 K - a ring of see invisible
Wands
 m - a wand of polymorph (6)
 o - a wand of mindburst (7)
 A - a wand of flame (43)
 I - a wand of iceblast (16)
 M - a wand of paralysis (4)
Scrolls
 b - 7 scrolls of teleportation
 f - 4 scrolls of fog
 j - 5 scrolls of blinking
 p - 2 scrolls of identify
 t - a scroll of magic mapping
 w - 3 scrolls of fear
 x - a scroll of enchant weapon
 y - a scroll of enchant armour
 D - 2 scrolls of amnesia
 J - a scroll of poison
Potions
 a - a potion of magic
 d - 4 potions of heal wounds
 g - 4 potions of curing
 h - 2 potions of might
 i - 2 potions of ambrosia
 k - 2 potions of cancellation
 q - 4 potions of haste
 v - 3 potions of brilliance
 H - a potion of invisibility


   Skills:
 + Level 9.4 Fighting
 + Level 6.2 Short Blades
 + Level 8.8 Dodging
 - Level 4.0 Stealth
 - Level 4.0 Shields
 + Level 10.4 Spellcasting
 + Level 10.3 Conjurations
 - Level 7.1 Hexes
 - Level 4.0 Translocations
 + Level 5.8 Transmutations
 - Level 3.0 Fire Magic
 + Level 7.1 Earth Magic
 - Level 3.0 Poison Magic


You had 2 spell levels left.
You knew the following spells:

 Your Spells              Type           Power      Damage    Failure   Level
a - Magic Dart            Conj           100%       1d8       1%          1
b - Searing Ray           Conj           100%       2d8       1%          2
c - Fulminant Prism       Conj/Hex       37%        3d18      1%          4
d - Iskenderun's Mystic   Conj/Tloc      67%        2d14      1%          4
e - Stone Arrow           Conj/Erth      100%       3d13      1%          3
f - Ignite Poison         Fire/Tmut/Pois 51%        N/A       1%          3
g - Irradiate             Conj/Tmut      36%        3d25      1%          5
h - Mephitic Cloud        Conj/Pois/Air  54%        N/A       1%          3
i - Iron Shot             Conj/Erth      37%        9d7       5%          6

Your spell library contained the following spells:

 Spells                   Type           Power      Damage    Failure   Level
 Necrotize                Necr           80%        1d8       6%          1
 Call Imp                 Summ           20%        N/A       8%          2
 Dazzling Flash           Conj/Hex       100%       N/A       1%          3
 Inner Flame              Hex/Fire       57%        N/A       1%          3
 Tukima's Dance           Hex            67%        N/A       1%          3
 Portal Projectile        Hex/Tloc       100%       N/A       2%          3
 Cause Fear               Hex            33%        N/A       3%          4
 Petrify                  Tmut/Erth      65%        N/A       4%          4
 Blade Hands              Tmut           30%        N/A       12%         5
 Vampiric Draining        Necr           20%        2d7       14%         3
 Metabolic Englaciation   Hex/Ice        24%        N/A       26%         5
 Animate Dead             Necr           20%        N/A       36%         4
 Statue Form              Tmut/Erth      43%        N/A       38%         6
 Agony                    Necr           20%        N/A       65%         5
 Haunt                    Necr/Summ      10%        N/A       100%        7
 Discord                  Hex            33%        N/A       100%        8
 Infestation              Necr           10%        N/A       100%        8


Dungeon Overview and Level Annotations

Branches:
Dungeon (9/15)             Temple (1/1) D:4            Lair (6/6) D:8
 Shoals (0/4) Lair:3       Spider (0/4) Lair:2        Slime (0/5) Lair:5
 Bailey (visited)
    Orc: D:9-12

Altars:
Ashenzari
Cheibriados
Dithmenos
Fedhas
Gozag
Kikubaaqudgha
Nemelex Xobeh
Okawaru
Ru
Sif Muna
Trog
Uskayaw
Vehumet
Wu Jian
Yredelemnul
The Shining One

Shops:
D:5 (   D:6 =   D:7 *

Annotations:
D:9 !BANISHER, Erolcha
Lair:3 3 runed translucent doors, Izeyjose's ghost, journeyman MyBe


Innate Abilities, Weirdness & Mutations

You can breathe blasts of noxious fumes.
Your lurid green scales are hard. (AC +8)
You cannot fit into any form of body armour.
Your tail ends in a venomous barb.
Your system is resistant to poisons. (rPois)
You are cold-blooded and may be slowed by cold attacks.
You have a pair of small horns on your head.
You are clumsy. (Dex -2)
Your spells are harder to cast, but more powerful.
You expend magic power (3 MP) to strengthen your wands.


Message History

You feel your power returning.
It was a potion of cancellation.
You feel magically purged.
The spriggan rider seems less confused.
The spriggan rider barely misses you.
Casting: Mephitic Cloud (safe; 1% risk of failure)
Confirm with . or Enter, or press ? or * to list all spells.
Aiming: Mephitic Cloud (safe; 1% risk of failure)
Press: ? - help, Shift-Dir - straight line, f - you The ball explodes into a vile cloud!
The stinking cloud engulfs you but does no damage.
The stinking cloud engulfs the spriggan rider but does no damage.
The spriggan rider is moderately wounded.
The spriggan rider is engulfed in noxious fumes.
The spriggan rider hits you with a +0 spear!!
* * * LOW HITPOINT WARNING * * *
Unknown command.
It was a potion of ambrosia.
You are confused.
You feel invigorated.
The spriggan rider is engulfed in noxious fumes.
The spriggan rider appears confused.
You bump into the tree.
The dream sheep is engulfed in noxious fumes.
The dream sheep appears confused.
The dream sheep bites you but does no damage.
You bump into the tree.
The spriggan rider mumbles something.
The dream sheep is engulfed in noxious fumes.
The dream sheep appears confused.
The dream sheep bites you.
* * * LOW HITPOINT WARNING * * *
You feel less invigorated.
You feel less confused.
The dream sheep is engulfed in noxious fumes.
The dream sheep appears confused.
The dream sheep bites itself!
The dream sheep is killed!
Vehumet accepts your kill.
The spriggan rider hits you with a +0 spear!!
* * * LOW HITPOINT WARNING * * *
It was a potion of haste.
You feel yourself speed up.
The spriggan rider hits you with a +0 spear!!
You die...

......♣..♣ ♣♣.....♣♣♣..♣♣
♣......♣ ♣♣♣♣♣♣♣ ♣♣♣[♣♣
♣.....♣♣♣♣ ♣♣♣♣♣♣ ♣..♣♣
♣..♣.....♣♣ ♣....♣♣♣.[.♣
♣♣♣Y...††.♣♣ ♣....)♣♣♣.[♣
♣♣....♣♣♣♣♣°♣♣ ♣....♣♣
♣[.♣ ♣...♣♣♣ ♣♣.♣♣♣♣♣..♣♣
♣♣.♣ ♣....♣♣ ♣...i♣..♣♣
♣♣.♣ ..♣♣♣♣ ♣♣♣♣.@.....♣♣
♣.[♣ ♣
♣....♣.♣.....♣♣♣♣..♣
♣♣♣♣♣..♣♣♣♣♣♣♣.....♣♣..♣♣
♣♣♣♣♣....♣ ♣♣♣♣♣....♣♣
♣.#......♣♣♣ ♣♣...♣
♣♣..........♣♣ ♣♣..♣♣
.............♣♣♣♣ ♣♣...♣
................♣♣♣
♣....♣
.)........#.......#
♣♣..♣♣♣


You could see a spriggan rider (confused).

Vanquished Creatures
  A hydra (D:8)
  A boulder beetle (Lair:6)
  A catoblepas (Lair:3)
  9 death yaks (Lair:6)
  Nergalle (Lair:4)
  A lindwurm (Lair:6)
  13 elephants
  An oklob plant (Lair:6)
  Joseph (D:7)
  3 black mambas
  9 cane toads
  A gargoyle (Bailey)
  The ghost of Gus979 the Chiller, a novice DrIE of Kikubaaqudgha (D:5)
  2 rime drakes
  8 komodo dragons
  4 polar bears
  7 hornets
  12 dream sheep
  22 blink frogs
  14 spriggans
  A vampire (Bailey)
  3 basilisks
  36 yaks
  7 wyverns
  A steam dragon (D:6)
  Grum (D:8)
  20 water moccasins
  2 sky beasts (D:7)
  2 ice beasts (D:7)
  3 black bears
  3 orc warriors
  4 boggarts (Lair:6)
  3 ogres
  23 wolves
  4 centaurs
  10 bullfrogs
  2 necrophages
  3 scorpions
  7 wights (D:7)
  5 killer bees
  10 vampire bats (Bailey)
  3 howler monkeys (D:8)
  An electric eel (Lair:2)
  7 wolf zombies (Bailey)
  6 hounds
  12 jellies
  2 orc priests
  2 iguanas
  4 orc wizards
  6 hell rats (Lair:6)
  A statue (D:6)
  10 adders
  10 gnolls
  2 shadow imps
  2 white imps (D:5)
  2 ufetubi
  3 dart slugs
  23 orcs
  8 endoplasms
  2 giant cockroaches
  6 hobgoblins
  4 jackals (D:2)
  3 quokkas
  8 ball pythons
  2 bats
  6 frilled lizards
  8 goblins
  8 kobolds
  18 orc zombies (Bailey)
  6 rats
437 creatures vanquished.

Vanquished Creatures (others)
  A bush (Lair:2)
  104 fulminant prisms
  58 fungi
  72 plants
235 creatures vanquished.

Grand Total: 672 creatures vanquished

Notes
Turn   | Place    | Note
-------+----------+-------------------------------------------
     0 | D:1      | scionoferis the Draconian Conjurer began the quest for the
                  | Orb.
     0 | D:1      | Reached XP level 1. HP: 14/14 MP: 3/3
   225 | D:1      | Reached XP level 2. HP: 20/20 MP: 1/5
   229 | D:1      | Learned a level 2 spell: Searing Ray
   618 | D:1      | Found a faded altar of an unknown god.
  1091 | D:2      | Reached XP level 3. HP: 23/26 MP: 0/6
  1962 | D:2      | Reached XP level 4. HP: 24/33 MP: 7/7
  2114 | D:3      | Found an iron altar of Okawaru.
  3067 | D:3      | Reached skill level 1 in Shields
  3302 | D:4      | Noticed a black bear
  3344 | D:4      | Found a staircase to the Ecumenical Temple.
  3350 | Temple   | Entered the Ecumenical Temple
  3743 | D:4      | Reached XP level 5. HP: 38/38 MP: 5/9
  3795 | D:4      | Noticed an ogre
  3804 | D:4      | Learned a level 4 spell: Fulminant Prism
  3876 | D:4      | Killed an ogre
  4154 | D:4      | Reached XP level 6. HP: 45/45 MP: 3/10
  4304 | D:4      | Reached skill level 1 in Hexes
  4514 | D:5      | Entered Level 5 of the Dungeon
  4721 | D:5      | Found Lacziq's Antique Weapon Shop.
  4725 | D:5      | Bought an ancient dagger for 196 gold pieces
  4725 | D:5      | Identified the +8 dagger "Omeufrin" {drain, Str+4 Int+3}
                  | (You bought it in a shop on level 5 of the Dungeon)
  4781 | D:5      | Noticed an orc warrior
  5076 | D:5      | Noticed a water moccasin
  5087 | D:5      | Killed a water moccasin
  5088 | D:5      | Reached skill level 5 in Conjurations
  5088 | D:5      | Your scales start taking on a lurid green colour.
  5088 | D:5      | Reached XP level 7. HP: 39/50 MP: 5/11
  5088 | D:5      | Gained mutation: Your system is resistant to poisons.
                  | (rPois) [Green Draconian growth]
  5552 | D:5      | Found the +1 Delatra's gloves {ID++}
  5949 | D:5      | Noticed Gus979's ghost (novice DrIE)
  5950 | D:5      | Found a transporter.
  5951 | D:5      | Found a transporter.
  5951 | D:5      | Identified the +2 great mace "Eviscerator" {speed, *Rage
                  | rF+ rN+ Dex+7}
  6359 | D:6      | Reached XP level 8. HP: 23/57 MP: 5/13
  6706 | D:6      | Found Bulez's Jewellery Boutique.
  6926 | D:6      | Reached skill level 1 in Fighting
  7004 | D:6      | Found a radiant altar of Vehumet.
  7033 | D:6      | Became a worshipper of Vehumet
  7258 | D:6      | Reached skill level 5 in Spellcasting
  8073 | D:7      | Reached XP level 9. HP: 58/68 MP: 3/17
  8171 | D:6      | Learned a level 4 spell: Iskenderun's Mystic Blast
  8392 | D:7      | Reached * piety under Vehumet
  8392 | D:7      | Offered knowledge of Sandblast by Vehumet.
  8496 | D:7      | Noticed Joseph
  8537 | D:7      | Killed Joseph
  8538 | D:7      | Reached skill level 1 in Translocations
  8923 | D:7      | Reached skill level 5 in Dodging
  9298 | D:7      | Found Pemnunu's General Store.
  9576 | D:8      | Found a flagged portal.
  9647 | Bailey   | Entered a bailey
 10014 | Bailey   | Offered knowledge of Poisonous Vapours by Vehumet.
 10031 | Bailey   | Reached ** piety under Vehumet
 10325 | Bailey   | Noticed a gargoyle
 10335 | Bailey   | Killed a gargoyle
 10426 | Bailey   | Reached XP level 10. HP: 79/80 MP: 20/20
 10479 | Bailey   | Found the +6 lightning scales {swift, rElec}
 10582 | Bailey   | Gained mutation: Your tail ends in a venomous barb. [potion
                  | of mutation]
 10582 | Bailey   | Gained mutation: You have hidden genetic defects. [potion
                  | of mutation]
 10582 | Bailey   | Gained mutation: You are strong-willed. (Will+) [potion of
                  | mutation]
 10809 | Bailey   | Lost mutation: You are strong-willed. (Will+) [potion of
                  | mutation]
 10809 | Bailey   | Lost mutation: You have hidden genetic defects. [potion of
                  | mutation]
 10809 | Bailey   | Gained mutation: You are clumsy. (Dex -2) [potion of
                  | mutation]
 10809 | Bailey   | Gained mutation: Your spells are a little harder to cast,
                  | but a little more powerful. [potion of mutation]
 10809 | Bailey   | Gained mutation: You have hidden genetic defects. [potion
                  | of mutation]
 10971 | D:8      | Found a hide-covered altar of Uskayaw.
 11171 | D:8      | Reached skill level 5 in Hexes
 11244 | D:8      | Offered knowledge of Stone Arrow by Vehumet.
 11249 | D:8      | Learned a level 3 spell: Stone Arrow
 11478 | D:8      | Reached skill level 5 in Fighting
 11513 | D:8      | Reached skill level 1 in Earth Magic
 11532 | D:8      | Gained mutation: You are weak. (Str -2) [hidden defects]
 11632 | D:8      | Found a staircase to the Lair.
 11945 | D:8      | Lost mutation: You are weak. (Str -2) [potion of mutation]
 11945 | D:8      | Lost mutation: You have hidden genetic defects. [potion of
                  | mutation]
 11945 | D:8      | Lost mutation: Your tail ends in a venomous barb. [potion
                  | of mutation]
 11945 | D:8      | Gained mutation: You expend magic power (3 MP) to
                  | strengthen your wands. [potion of mutation]
 11945 | D:8      | Gained mutation: Your spells are harder to cast, but more
                  | powerful. [potion of mutation]
 11945 | D:8      | Gained mutation: You have a pair of small horns on your
                  | head. [potion of mutation]
 12342 | Lair:1   | Entered Level 1 of the Lair of Beasts
 12342 | Lair:1   | Noticed a cane toad
 12342 | Lair:1   | Noticed a five-headed hydra
 13174 | D:8      | Killed a five-headed hydra
 13232 | D:8      | Killed a cane toad
 13233 | D:8      | Reached XP level 11. HP: 56/89 MP: 11/23
 13238 | D:8      | Reached *** piety under Vehumet
 14868 | Lair:2   | Reached skill level 1 in Short Blades
 14883 | Lair:2   | Offered knowledge of Ignite Poison by Vehumet.
 14993 | Lair:1   | Learned a level 3 spell: Ignite Poison
 15130 | D:9      | Noticed Erolcha
 15291 | D:9      | Noticed Grum
 15319 | D:8      | Paralysed by a hornet for 2 turns
 15569 | D:8      | Killed Grum
 16018 | Lair:2   | Reached skill level 1 in Poison Magic
 16133 | Lair:2   | Reached skill level 1 in Transmutations
 16193 | Lair:2   | Reached skill level 1 in Fire Magic
 16300 | Lair:2   | Found a hole to the Spider Nest.
 16813 | Lair:2   | Reached XP level 12. HP: 72/100 MP: 17/25
 17270 | Lair:3   | Noticed a minotaur
 17275 | Lair:3   | Noticed Izeyjose's ghost (journeyman MyBe)
 17470 | D:5      | Killed Gus979's ghost
 18016 | Lair:3   | Noticed a catoblepas
 18063 | Lair:3   | Killed a catoblepas
 18390 | Lair:3   | Found a runed translucent gate.
 18391 | Lair:3   | Found a runed translucent gate.
 18392 | Lair:3   | Found a runed translucent gate.
 18402 | Lair:3   | Found a staircase to the Shoals.
 18783 | Lair:3   | Reached **** piety under Vehumet
 19502 | Lair:3   | Reached skill level 5 in Earth Magic
 19502 | Lair:3   | Offered knowledge of Irradiate by Vehumet.
 19625 | Lair:3   | Learned a level 5 spell: Irradiate
 20423 | Lair:4   | Learned a level 3 spell: Mephitic Cloud
 20934 | Lair:4   | Noticed Nergalle
 20958 | Lair:4   | Killed Nergalle
 21878 | Lair:5   | Found a staircase to the Slime Pits.
 22046 | Lair:5   | Reached XP level 13. HP: 98/107 MP: 23/26
 22351 | Lair:6   | Entered Level 6 of the Lair of Beasts
 23665 | Lair:6   | Reached skill level 5 in Short Blades
 23749 | Lair:6   | Reached skill level 10 in Spellcasting
 24419 | Lair:6   | Reached skill level 5 in Transmutations
 24572 | Lair:6   | Reached ***** piety under Vehumet
 24805 | Lair:6   | Offered knowledge of Iron Shot by Vehumet.
 24827 | Lair:6   | Reached skill level 10 in Conjurations
 26664 | Lair:6   | Learned a level 6 spell: Iron Shot
 26698 | Lair:6   | Gained mutation: Your tail ends in a venomous barb. [Green
                  | Draconian growth]
 26698 | Lair:6   | Reached XP level 14. HP: 106/118 MP: 26/28
 26846 | Lair:6   | Mangled by a spriggan rider

Illustrated notes

Levels and vault maps discovered:
D:1:      spicycebolla_arrival_clurvy, layout_basic,
          shapermc_ecumenical_altar_venn
D:2:      minmay_door_path, layout_basic, corexii_corridor_pit
D:3:      layout_loops_corners, okawaru_trees_1
D:4:      layout_cave_pools, minmay_temple_entry_enclosed_plants
D:5:      layout_basic, serial_shops, shop, gammafunk_ghost_smash,
          abandoned_shop, pf_guarded_unrand_delatra
D:6:      layout_basic, vehumet_statue, serial_shops, shop,
          minmay_fractal_squares_5
D:7:      layout_cave_pods, corexii_leaking_fountain, nicolae_take_the_stairs,
          uniq_joseph
D:8:      layout_basic, general_overflow_altar, minmay_lair_entry_grove,
          enter_bailey_4
D:9:      layout_roguey, nicolae_overflow_hallway_of_the_gods, orc_0_dummy,
          serial_shops, shop_coins, chequers_big_river, skrybe_limestone_x,
          uniq_grum, uniq_erolcha, uniq_amaemon
Temple:   compressed_dpeg_triangle_lava_temple
Lair:1:   layout_cave_shapes, st_stairs_3
Lair:2:   layout_regular_city, dummy_spider_entry, infiniplex_staircase_pool,
          grunt_megastairs_1, serial_bayou_shore_a
Lair:3:   layout_regular_city, shoals_dummy_entry,
          maelrawn_ghost_gauntlet_escape, serial_bayou_shore_b,
          infiniplex_staircase_pool_2
Lair:4:   layout_cave_pods, uniq_nergalle
Lair:5:   layout_roguey, minmay_slime_entry_jelly_boxes
Lair:6:   minmay_lair_end_enchanted_forest, layout_cave_pods,
          nicolae_quartered_pool_impasse, minmay_lair_oklob_items

Skill      XL: |  1  2  3  4  5  6  7  8  9 10 11 12 13 |
---------------+----------------------------------------+-----
Dodging        | 2 3 4 5 6 7 8 |  8.8
Stealth        | 2 3 4 |  4.0
Shields        | 1 2 3 4 |  4.0
Spellcasting   | 3 5 6 8 9 10 | 10.4
Hexes          | 1 2 3 4 5 6 7 |  7.1
Conjurations   | 5 6 7 8 9 10 | 10.3
Fighting       | 2 4 5 7 8 9 |  9.4
Translocations | 2 4 |  4.0
Earth Magic    | 2 4 5 7 |  7.1
Short Blades   | 2 4 6 |  6.2
Poison Magic   | 2 3 |  3.0
Transmutations | 2 3 5 |  5.8
Fire Magic     | 1 3 |  3.0

Action                   |  1- 3 |  4- 6 |  7- 9 | 10-12 | 13-15 || total
-------------------------+-------+-------+-------+-------+-------++-------
Melee: Dagger            |    38 |    49 |   124 |   209 |   314 ||   734
       Tailslap          |     5 |     9 |    11 |    45 |    51 ||   121
       Punch             |     1 |       |       |       |       ||     1
       Flail             |       |       |       |     8 |       ||     8
       Headbutt          |       |       |       |    55 |    74 ||   129
Throw: Dart              |       |     7 |     4 |     3 |     1 ||    15
 Cast: Magic Dart        |    46 |    41 |    32 |    49 |    36 ||   204
       Searing Ray       |     5 |    21 |    37 |    88 |    22 ||   173
       Fulminant Prism   |       |     1 |    25 |    56 |    22 ||   104
       Iskenderun's Myst |       |       |       |    27 |    24 ||    51
       Ignite Poison     |       |       |       |     9 |     8 ||    17
       Mephitic Cloud    |       |       |       |     1 |    47 ||    48
 Abil: Breathe Noxious F |       |       |       |    15 |     1 ||    16
Evoke: Wand              |       |       |     2 |     3 |       ||     5
  Use: Potion            |     1 |       |       |     5 |     3 ||     9
       Scroll            |       |       |     9 |     7 |     2 ||    18
 Stab: Sleeping          |     2 |     4 |     4 |     3 |       ||    13
       Paralysed         |       |       |     5 |       |       ||     5
       Confused          |       |       |       |     3 |    27 ||    30
Armor: Skin              |    14 |    20 |    63 |   163 |    83 ||   343
Dodge: Dodged            |    26 |    37 |    95 |   255 |   188 ||   601
Block: Buckler           |       |     5 |    33 |    66 |    35 ||   139

Table legend: (Time is in decaauts)
 A = Elapsed time spent in this place.
 B = Non-inter-level travel time spent in this place.
 C = Inter-level travel time spent in this place.
 D = Time resting spent in this place.
 E = Time spent auto-exploring this place.
 F = Levels seen in this place.
 G = Mean time per level.
                   A        B        C        D        E       F      G
               +--------+--------+--------+--------+--------+-----+--------+
         Total |  26896 |  25232 |   1664 |   7803 |  10421 |  17 | 1582.1 |
       Dungeon |  13823 |  12539 |   1284 |   3407 |   6058 |   9 | 1535.9 |
        Temple |    212 |    212 |      0 |      0 |    186 |   1 |  212.0 |
          Lair |  11665 |  11286 |    379 |   3825 |   4171 |   6 | 1944.2 |
        Bailey |   1194 |   1194 |      0 |    571 |      5 |   1 | 1194.0 |
               +--------+--------+--------+--------+--------+-----+--------+

Top non-repeatable levels by time:
     D:8: 3240 daAuts
  Lair:6: 2897 daAuts
  Lair:5: 2505 daAuts
     D:5: 2215 daAuts
  Lair:3: 2097 daAuts
     D:6: 2035 daAuts
     D:7: 1897 daAuts
  Lair:2: 1598 daAuts
  Lair:1: 1362 daAuts
     D:3: 1208 daAuts
  Lair:4: 1203 daAuts
  Bailey: 1194 daAuts
     D:2: 1156 daAuts
     D:4: 1045 daAuts
     D:1: 958 daAuts
